AoeStats
← Furkan

Arena

505597037Analyzed
1v1 RM · 23d ago on Sep 10, 2026· 38m 4s· 2 players
Game mode
Random Map
Map size
Tiny (2 player)
Population
200
Speed
Normal
Resources
Standard
Victory
Conquest
Starting age
Dark Age
Ending age
Imperial Age
RankedLock teamsTeams togetherTeam positionsShared explorationLock speedFull tech treeHidden civsTurbo modeCheats
Victory
Defeat
🇹🇷 Koreans · Türkiye
1117
+17
🇪🇸 Lithuanians · Spain
1128
-17
Furkan
11:23 Feudal Age
16:11 Castle Age
14:54 Double-Bit Axe
15:03 Gold Mining
15:17 Horse Collar
15:48 Stone Mining
25:10 Eupseong
34:49 Imperial Age
35:54 Wheelbarrow
37:35 Elite War Wagon
38:11 Fletching
jeromedelameau
10:25 Feudal Age
10:37 Loom
10:42 Loom
11:24 Double-Bit Axe
11:37 Horse Collar
12:32 Loom
16:45 Castle Age
17:51 Bow Saw
17:42 Heavy Plow
20:07 Bloodlines
28:14 Wheelbarrow
29:58 Hand Cart
35:04 Imperial Age
32:20 Town Watch
32:42 Fletching
33:55 Masonry
33:42 Bodkin Arrow
34:11 Fortified Wall
34:19 Scale Barding Armor
34:57 Ballistics
36:04 Chain Barding Armor
36:01 Bloodlines
Connection lost

Rejoining the realm…

Still unreachable

The connection could not be restored.

Session expired

The server has moved on; the page needs a fresh start.